 Dungeon Crawl Stone Soup version 0.27-a0-660-g90476cec82 (webtiles) character file.

Game seed: 210621422346106857

2608 Lanoc the Charlatan (level 9, -3/88 HPs)
             Began as a Troll Artificer on Mar 16, 2021.
             Was a Believer of Ashenzari.
             Slain by Joseph
             ... wielding a +2 vorpal quarterstaff
              (11 damage)
             ... on level 7 of the Dungeon on Mar 17, 2021.
             The game lasted 00:14:12 (4680 turns).

Lanoc the Charlatan (Troll Artificer)               Turns: 4680, Time: 00:14:12

Health: -3/88      AC:  7    Str: 22    XL:     9   Next: 34%
Magic:  8/8        EV: 11    Int: 13    God:    Ashenzari [**....]
Gold:   226        SH:  0    Dex: 13    Spells: 8/8 levels left

rFire    . . .     SeeInvis +   (no weapon)
rCold    . . .     Faith    .   (no shield)
rNeg     . . .     Spirit   .   i - +0 troll leather armour "Tethered Together" {Regen+, Purgy, Evo, Fort} (curse)
rPois    .         Reflect  .   z - +1 hat of Cremastomancy {Range, Evo} (curse)
rElec    .         Harm     .   (no cloak)
rCorr    .         Rampage  .   (gloves unavailable)
Will     +....                  (boots unavailable)
Stlth    +.........             (no amulet)
HPRegen  2.24/turn              k - +6 ring of intelligence
MPRegen  0.11/turn              q - ring "Planets of the Cosmos" {Will+, Melee, Comp} (curse)

@: mighty, studying Short Blades
A: large, unfitting armour, claws 3, regeneration 1, shaggy fur 1, tough skin 1
a: Renounce Religion, Shatter the Chains


You were on level 7 of the Dungeon.
You worshipped Ashenzari.
Ashenzari was pleased with you.
You visited 2 branches of the dungeon, and saw 8 of its levels.

You collected 226 gold pieces.

Inventory:

Armour
 i - the cursed +0 troll leather armour "Tethered Together" (worn) {Regen+, Purgy, Evo, Fort}
   (You found it on level 3 of the Dungeon)

   It increases your rate of regeneration.
   It has a curse placed upon it.
 m - a +1 robe of willpower
 z - the cursed +1 hat of Cremastomancy (worn) {Range, Evo}
   (You found it on level 7 of the Dungeon)

   It has a curse placed upon it.
Jewellery
 h - a ring of wizardry
 k - a +6 ring of intelligence (right claw)
 n - a ring of protection from fire
 q - the cursed ring "Planets of the Cosmos" (left claw) {Will+, Melee, Comp}
   (You found it on level 4 of the Dungeon)

   [ring of willpower]

   It affects your willpower, your defense against some magical effects.
   It has a curse placed upon it.
 u - a ring of resist corrosion
Wands
 c - a wand of flame (15)
 d - a wand of charming (7) (quivered)
 e - a wand of random effects (16)
 j - a wand of iceblast (8)
Scrolls
 g - 5 scrolls of teleportation
 p - 2 scrolls of magic mapping
 r - a scroll of amnesia
 v - a scroll of immolation
 x - 3 scrolls of fog
 y - a scroll of enchant weapon
Potions
 a - a potion of mutation
 b - 2 potions of attraction
 f - a potion of flight
 l - 3 potions of brilliance
 o - a potion of resistance
 s - 3 potions of curing
 t - a potion of haste


   Skills:
 + Level 5.2 Fighting
 + Level 5.6 Dodging
 - Level 0.5 Stealth
 * Level 7.3(9.6) Evocations


You had 8 spell levels left.
You didn't know any spells.
Your spell library contained the following spells:

 Spells                   Type           Power      Damage    Failure   Level
 Magic Dart               Conj           0%         1d3       34%         1
 Call Imp                 Summ           0%         N/A       45%         2
 Blink                    Tloc           N/A        N/A       47%         2
 Slow                     Hex            0%         N/A       47%         2
 Conjure Flame            Conj/Fire      0%         6-21      71%         3
 Mephitic Cloud           Conj/Pois/Air  0%         N/A       71%         3


Dungeon Overview and Level Annotations

Branches:
Dungeon (7/15)             Temple (1/1) D:5

Altars:
Ashenzari
Elyvilon
Sif Muna
Uskayaw
Wu Jian
Yredelemnul
Zin

Shops:
D:5 :

Annotations:
D:7 Harold, Joseph


Innate Abilities, Weirdness & Mutations

You are too large for most types of armour.
You have claws for hands.
Your natural rate of healing is unusually fast.
You are covered in fur. (AC +1)
You have tough skin. (AC +1)


Message History

Joseph is lightly wounded.
Joseph hits you with a +2 vorpal quarterstaff!!
You claw Joseph!
Joseph is moderately wounded.
Joseph completely misses you.
You feel very mighty all of a sudden.
Joseph hits you with a +2 vorpal quarterstaff.
You claw Joseph!
Joseph is heavily wounded.
Joseph closely misses you.
You claw Joseph!
Joseph is severely wounded.
Joseph hits you but does no damage.
You closely miss Joseph.
Joseph is severely wounded.
Joseph hits you with a +2 vorpal quarterstaff!
* * * LOW HITPOINT WARNING * * *
x2 You closely miss Joseph.
Joseph is severely wounded.
Joseph barely misses you.
You scratch Joseph but do no damage.
Joseph is severely wounded.
Joseph hits you but does no damage.
You barely miss Joseph.
Joseph is severely wounded.
Joseph hits you with a +2 vorpal quarterstaff!
* * * LOW HITPOINT WARNING * * *
x2 You scratch Joseph.
Joseph is severely wounded.
Joseph hits you with a +2 vorpal quarterstaff!
* * * LOW HITPOINT WARNING * * *
x2 You barely miss Joseph.
Joseph is severely wounded.
Joseph says, "I'm happy to see you. And I'll be happy to kill you."
Joseph hits you with a +2 vorpal quarterstaff.
* * * LOW HITPOINT WARNING * * *
x2 You scratch Joseph.
Joseph is severely wounded.
Joseph hits you with a +2 vorpal quarterstaff!
You die...

##..# ##...# ,
#####....##+## ,
..##.........
*#..#.<....... ,
#..#......... *
#..#.....=... ,
#########....?.......
......@@.<.###.....$.
, ...........#
#####.# *
.....###...>..... #
*#### #....[##.#. *
...##..# #... ##.# ,
#[.# .# #.#* .# * ..*
..


You could see Joseph.

Vanquished Creatures
  3 centaurs (D:5)
  Menkaure (D:5)
  5 jellies (D:5)
  2 orc priests
  Purgy (D:3)
  2 sky beasts
  An ice beast (D:3)
  An orc warrior (D:6)
  3 ogres
  2 phantoms (D:4)
  2 kobold brigands (D:5)
  2 bullfrogs (D:6)
  2 scorpions
  2 howler monkeys (D:6)
  2 hounds
  A centaur skeleton (D:5)
  Jessica (D:3)
  6 orc wizards
  2 worker ants
  A hound skeleton (D:5)
  A worker ant zombie (D:5)
  A howler monkey skeleton (D:6)
  4 adders
  3 gnolls (D:6)
  A shadow imp (D:5)
  2 white imps
  3 oozes (D:5)
  An adder zombie (D:3)
  A worm (D:4)
  A dart slug (D:3)
  A leopard gecko (D:2)
  32 orcs
  A giant cockroach (D:4)
  3 goblins
  4 hobgoblins
  5 jackals (D:3)
  2 quokkas
  2 bats (D:3)
  A frilled lizard (D:4)
  9 kobolds
  A quokka skeleton (D:6)
  2 rats (D:3)
123 creatures vanquished.

Vanquished Creatures (collateral kills)
  A jelly (D:5)
  An orc wizard (D:4)
  A leopard gecko (D:5)
3 creatures vanquished.

Vanquished Creatures (others)
  A slime creature (D:5)
  An orc warrior (D:4)
  An ogre (D:5)
  An orc priest (D:5)
  An orc wizard (D:5)
  22 fungi
  A plant (D:5)
  9 toadstools (D:5)
37 creatures vanquished.

Grand Total: 163 creatures vanquished

Notes
Turn   | Place    | Note
-------+----------+-------------------------------------------
     0 | D:1      | Lanoc the Troll Artificer began the quest for the Orb.
     0 | D:1      | Reached XP level 1. HP: 18/18 MP: 0/0
   104 | D:2      | Reached skill level 1 in Fighting
   132 | D:2      | Found a glowing silver altar of Zin.
   152 | D:3      | Noticed an ice beast
   164 | D:3      | Reached XP level 2. HP: 27/27 MP: 1/1
   170 | D:3      | Killed an ice beast
   171 | D:3      | Reached skill level 3 in Evocations
   171 | D:3      | Reached XP level 3. HP: 25/35 MP: 2/2
   171 | D:3      | Reached XP level 4. HP: 31/42 MP: 3/3
   340 | D:3      | Noticed Purgy
   366 | D:3      | Killed Purgy
   367 | D:3      | Reached XP level 5. HP: 41/50 MP: 4/4
   525 | D:3      | Noticed Jessica
   537 | D:3      | Killed Jessica
   538 | D:3      | Reached XP level 6. HP: 54/59 MP: 5/5
  1089 | D:4      | Reached skill level 4 in Evocations
  1351 | D:4      | Noticed an orc warrior
  1370 | D:4      | Reached XP level 7. HP: 66/67 MP: 6/6
  1581 | D:4      | Found a white marble altar of Elyvilon.
  1627 | D:4      | Found a broken altar of Ashenzari.
  1628 | D:4      | Found a shimmering blue altar of Sif Muna.
  1634 | D:4      | Became a worshipper of Ashenzari the Shackled
  2048 | D:4      | Reached skill level 5 in Evocations
  2252 | D:5      | Entered Level 5 of the Dungeon
  2317 | D:5      | Noticed Menkaure
  2356 | D:5      | HP: 1/68 [Menkaure (21)]
  2361 | D:5      | Killed Menkaure
  2362 | D:5      | Reached XP level 8. HP: 69/78 MP: 7/7
  2458 | D:5      | Found an ornate altar of the Wu Jian Council.
  2557 | D:5      | Found a staircase to the Ecumenical Temple.
  2571 | Temple   | Entered the Ecumenical Temple
  2686 | D:5      | Reached skill level 6 in Evocations
  2743 | D:5      | Noticed a slime creature
  2905 | D:5      | Reached skill level 5 in Dodging
  3080 | D:5      | Found Lech's Book Shoppe.
  3159 | D:5      | Reached XP level 9. HP: 87/87 MP: 8/8
  3389 | D:6      | Found a hide-covered altar of Uskayaw.
  3549 | D:6      | Reached skill level 5 in Fighting
  3645 | D:6      | Reached * piety under Ashenzari
  3654 | D:6      | Reached skill level 7 in Evocations
  3832 | D:6      | Identified the +0 leather armour "Ipniasam" {rElec rPois
                  | rC-}
  4125 | D:6      | Found a basalt altar of Yredelemnul.
  4433 | D:7      | Noticed Harold
  4506 | D:7      | Noticed Joseph
  4518 | D:6      | Reached ** piety under Ashenzari
  4680 | D:7      | Slain by Joseph

Illustrated notes

Levels and vault maps discovered:
D:1:      nzn_arrival_crosshair, layout_basic, chequers_serial_rivers_large_b
D:2:      layout_basic, zin_scriptorium
D:3:      layout_basic, uniq_purgy, uniq_jessica
D:4:      layout_basic, gammafunk_temple_overflow_pools, serial_aquarium,
          aquarium_bridge_straight [aquarium_subvault_bridge,
          aquarium_subvault_wall, aquarium_subvault_bridge,
          aquarium_subvault_wall], aquarium_bridge_square
          [aquarium_subvault_window, aquarium_subvault_bridge,
          aquarium_subvault_wall, aquarium_subvault_window], aquarium_window_2,
          aquarium_window_fake, aquarium_view_2b, aquarium_view_2f,
          aquarium_pool_five, elyvilon_altar_1
D:5:      cheibrodos_fertilizer, layout_basic, nicolae_wu_jian_wuxing_cycle,
          minmay_temple_entry_drinking_statues, serial_shops,
          kennysheep_little_box, serial_bayou_pond_b, grunt_ministairs_9,
          minmay_manual_mares, uniq_menkaure
D:6:      layout_gridville, lemuel_crystal_altar, lemuel_tele_altar
D:7:      layout_rooms, grunt_dithmenos_shadows, uniq_joseph,
          uniq_prince_ribbit1, uniq_harold
Temple:   jpeg_temple_alley_garden

Skill      XL: |  1  2  3  4  5  6  7  8  9 |
---------------+----------------------------+-----
Dodging        | 2 3 4 5 |  5.6
Fighting       | 1 2 3 4 5 |  5.2
Evocations     | 3 4 5 6 7 |  7.3
Stealth        | |  0.5

Action                   |  1- 3 |  4- 6 |  7- 9 || total
-------------------------+-------+-------+-------++-------
Melee: Unarmed           |    18 |   188 |   544 ||   750
Invok: Curse Item        |       |       |     3 ||     3
Evoke: Wand              |     7 |     5 |     7 ||    19
  Use: Potion            |       |       |     3 ||     3
Armor: Robe              |     9 |    36 |       ||    45
       Troll leather arm |       |    46 |   169 ||   215
Dodge: Dodged            |     9 |    85 |   337 ||   431

Table legend: (Time is in decaauts)
 A = Elapsed time spent in this place.
 B = Non-inter-level travel time spent in this place.
 C = Inter-level travel time spent in this place.
 D = Time resting spent in this place.
 E = Time spent auto-exploring this place.
 F = Levels seen in this place.
 G = Mean time per level.
                   A        B        C        D        E       F      G
               +--------+--------+--------+--------+--------+-----+--------+
         Total |   4687 |   4479 |    208 |    100 |   3025 |   8 |  585.9 |
       Dungeon |   4686 |   4478 |    208 |    100 |   3025 |   7 |  669.4 |
        Temple |      1 |      1 |      0 |      0 |      0 |   1 |    1.0 |
               +--------+--------+--------+--------+--------+-----+--------+

Top non-repeatable levels by time:
     D:6: 1230 daAuts
     D:4: 1196 daAuts
     D:5: 1081 daAuts
     D:3: 905 daAuts
     D:7: 120 daAuts
     D:2: 83 daAuts
     D:1: 68 daAuts
  Temple: 1 daAuts
